 Dungeon Crawl Stone Soup version 0.22-a0-224-g8cf3520 (webtiles) character file.

1562 varam the Charlatan (level 8, -2/61 HPs)
             Began as a Gnoll Artificer on Feb 19, 2018.
             Slain by a hog (10 damage)
             ... on level 7 of the Dungeon on Feb 20, 2018.
             The game lasted 00:22:37 (5776 turns).

varam the Charlatan (Gnoll Artificer)               Turns: 5776, Time: 00:22:38

Health: -2/61      AC:  5    Str: 16    XL:     8   Next: 89%
Magic:  13/13      EV: 18    Int: 14    God:
Gold:   137        SH:  4    Dex: 19    Spells: 14/14 levels left

rFire    . . .     SeeInvis .   k - +0 falchion
rCold    . . .     Gourm    .   (no shield)
rNeg     . . .     Faith    .   b - +0 leather armour
rPois    .         Spirit   .   g - +0 helmet (curse)
rElec    .         Reflect  +   (no cloak)
rCorr    .         Harm     .   H - +0 pair of gloves {Dex+3}
MR       .....                  (no boots)
Stlth    +++.......             v - +4 amulet of reflection
HPRegen  0.20/turn              x - +2 ring of evasion
MPRegen  0.13/turn              p - ring of flight

@: no status effects
A: distributed training, fangs 1, strong nose
a: Evoke Flight


You were on level 7 of the Dungeon.
You were very hungry.

You visited 1 branch of the dungeon, and saw 7 of its levels.

You collected 329 gold pieces.
You spent 192 gold pieces at shops.

Inventory:

Hand Weapons
 a - a +1 dagger of flaming
 k - a +0 falchion (weapon)
 q - a +0 whip of freezing
 w - a +0 hunting sling
Missiles
 r - 123 sling bullets
 y - 95 stones (quivered)
Armour
 b - a +0 leather armour (worn)
 g - a cursed +0 helmet (worn)
 H - a +0 pair of gloves of dexterity (worn)
Jewellery
 p - a ring of flight (right hand)
 s - an uncursed ring of resist corrosion
 v - a +4 amulet of reflection (around neck)
 x - a +2 ring of evasion (left hand)
 z - an uncursed amulet of the gourmand {unknown}
 B - an uncursed ring of positive energy {unknown}
 C - an uncursed ring of protection from magic {unknown}
Wands
 c - a wand of flame (11)
 e - a wand of random effects (9)
Scrolls
 h - a scroll of random uselessness {unknown}
 i - 2 scrolls of enchant weapon
 j - 2 scrolls of blinking
 l - a scroll of noise {unknown}
 m - 4 scrolls of fog
 n - 2 scrolls of teleportation
 t - 2 scrolls of amnesia
 u - a scroll of enchant armour {unknown}
 A - 2 scrolls of magic mapping {unknown}
 E - 3 scrolls of remove curse {unknown}
Potions
 o - 2 potions of lignification
 D - a potion of heal wounds
 F - 2 potions of curing
 G - a potion of ambrosia {unknown}
Comestibles
 f - 12 rations


   Skills:
 + Level 4.5 Fighting
 + Level 4.5 Short Blades
 + Level 3.6 Long Blades
 + Level 3.6 Axes
 + Level 3.6 Maces & Flails
 + Level 3.6 Polearms
 + Level 3.6 Staves
 + Level 3.6 Slings
 + Level 3.6 Bows
 + Level 3.6 Crossbows
 + Level 3.6 Throwing
 + Level 3.6 Armour
 + Level 5.9 Dodging
 + Level 4.3 Stealth
 + Level 3.6 Shields
 + Level 3.6 Unarmed Combat
 + Level 3.6 Spellcasting
 + Level 2.9 Conjurations
 + Level 2.9 Hexes
 + Level 2.9 Charms
 + Level 2.9 Summonings
 + Level 2.9 Necromancy
 + Level 2.9 Translocations
 + Level 2.9 Transmutations
 + Level 2.9 Fire Magic
 + Level 2.9 Ice Magic
 + Level 2.9 Air Magic
 + Level 2.9 Earth Magic
 + Level 2.9 Poison Magic
 + Level 4.0 Invocations
 + Level 7.5 Evocations


You had 14 spell levels left.
You didn't know any spells.

Dungeon Overview and Level Annotations

Branches:
Dungeon (7/15)
 Temple: D:4-7

Altars:
Kikubaaqudgha
Qazlal
Uskayaw

Shops:
D:5 !

Annotations:
D:7 Xenophilius's ghost, novice CeBe


Innate Abilities, Weirdness & Mutations

Your experience applies equally to all skills.
You have very sharp teeth.
Your uncanny sense of smell can sniff out nearby items.


Message History

The hog bites you!
* * * LOW HITPOINT WARNING * * *
The hog closely misses you.
You hit the hog. Your bite misses the hog.
The hog is almost dead.
The hog completely misses you.
You closely miss the hog.
The hog is almost dead.
The hog closely misses you.
You hit the hog but do no damage.
The hog is almost dead.
You block the hog's attack. The hog closely misses you.
You closely miss the hog. You bite the hog, but do no damage.
The hog is almost dead.
The hog bites you!
* * * LOW HITPOINT WARNING * * *
You hit the hog but do no damage. You bite the hog.
The hog is almost dead.
The hog completely misses you. The hog bites you!
You die...

#....................
#.##.................
#............########
####.........#......##...
#.........'..............
#.........#.............
#.........#............
#.........#......##...#
#........@######+##...###.
##########h.......#.......
#........#...>...
#........'......$
#........#.......
#####........#'#####+
#.......###'#########
#.......#.....#%%#..#
#.......#.....#%.#..#


You could see a hog.

Vanquished Creatures
  2 hogs (D:7)
  A human (D:6)
  A hound (D:6)
  2 killer bees (D:7)
  2 ogres
  A centaur (D:3)
  A bullfrog (D:5)
  A wyvern skeleton (D:4)
  A scorpion (D:4)
  A crimson imp (D:6)
  An orc priest (D:3)
  2 iguanas (D:5)
  A worker ant (D:4)
  7 adders
  A shadow imp (D:3)
  A worm (D:2)
  A dart slug (D:1)
  3 leopard geckos
  2 orcs (D:3)
  2 ball pythons
  2 giant cockroaches
  17 goblins
  9 hobgoblins
  7 jackals
  2 quokkas
  5 bats
  3 frilled lizards
  8 kobolds
  6 rats
93 creatures vanquished.

Vanquished Creatures (collateral kills)
  2 ogres
  2 killer bees (D:7)
  A howler monkey (D:4)
  2 adders
  2 orcs
  A hobgoblin (D:3)
10 creatures vanquished.

Vanquished Creatures (others)
  A hog (D:7)
  A bullfrog (D:6)
  2 killer bees (D:7)
  A howler monkey (D:6)
  An orc wizard (D:3)
  2 worker ants (D:4)
8 creatures vanquished.

Grand Total: 111 creatures vanquished

Notes
Turn   | Place    | Note
-------+----------+-------------------------------------------
     0 | D:1      | varam the Gnoll Artificer began the quest for the Orb.
     0 | D:1      | Reached XP level 1. HP: 17/17 MP: 4/4
   285 | D:1      | Reached XP level 2. HP: 23/23 MP: 6/6
   811 | D:2      | Reached XP level 3. HP: 28/28 MP: 7/7
  1046 | D:2      | Found a stormy altar of Qazlal.
  1213 | D:2      | Reached skill level 1 in Invocations
  1666 | D:3      | Noticed a centaur
  1770 | D:3      | Reached skill level 1 in Long Blades
  1770 | D:3      | Reached skill level 1 in Axes
  1770 | D:3      | Reached skill level 1 in Maces & Flails
  1770 | D:3      | Reached skill level 1 in Polearms
  1770 | D:3      | Reached skill level 1 in Staves
  1770 | D:3      | Reached skill level 1 in Slings
  1770 | D:3      | Reached skill level 1 in Bows
  1770 | D:3      | Reached skill level 1 in Crossbows
  1770 | D:3      | Reached skill level 1 in Throwing
  1770 | D:3      | Reached skill level 1 in Armour
  1770 | D:3      | Reached skill level 1 in Shields
  1770 | D:3      | Reached skill level 1 in Unarmed Combat
  1770 | D:3      | Reached skill level 1 in Spellcasting
  1770 | D:3      | Reached XP level 4. HP: 21/34 MP: 8/8
  2186 | D:3      | Noticed a dagger
  2187 | D:3      | Found a hide-covered altar of Uskayaw.
  2187 | D:3      | Noticed a hand axe
  2320 | D:4      | Reached skill level 1 in Conjurations
  2320 | D:4      | Reached skill level 1 in Hexes
  2320 | D:4      | Reached skill level 1 in Charms
  2320 | D:4      | Reached skill level 1 in Summonings
  2320 | D:4      | Reached skill level 1 in Necromancy
  2320 | D:4      | Reached skill level 1 in Translocations
  2320 | D:4      | Reached skill level 1 in Transmutations
  2320 | D:4      | Reached skill level 1 in Fire Magic
  2320 | D:4      | Reached skill level 1 in Ice Magic
  2320 | D:4      | Reached skill level 1 in Air Magic
  2320 | D:4      | Reached skill level 1 in Earth Magic
  2320 | D:4      | Reached skill level 1 in Poison Magic
  2320 | D:4      | Reached XP level 5. HP: 20/40 MP: 8/10
  2394 | D:4      | Noticed an ogre
  2404 | D:4      | Killed an ogre
  2404 | D:4      | Reached skill level 3 in Fighting
  2404 | D:4      | Reached skill level 3 in Short Blades
  2792 | D:4      | Noticed an ogre
  2800 | D:4      | Killed an ogre
  2800 | D:4      | Reached skill level 3 in Stealth
  2800 | D:4      | Reached skill level 2 in Invocations
  2800 | D:4      | Reached XP level 6. HP: 47/47 MP: 11/11
  2866 | D:4      | Reached skill level 2 in Long Blades
  2866 | D:4      | Reached skill level 2 in Axes
  2866 | D:4      | Reached skill level 2 in Maces & Flails
  2866 | D:4      | Reached skill level 2 in Polearms
  2866 | D:4      | Reached skill level 2 in Staves
  2866 | D:4      | Reached skill level 2 in Slings
  2866 | D:4      | Reached skill level 2 in Bows
  2866 | D:4      | Reached skill level 2 in Crossbows
  2866 | D:4      | Reached skill level 2 in Throwing
  2866 | D:4      | Reached skill level 2 in Armour
  2866 | D:4      | Reached skill level 5 in Dodging
  2866 | D:4      | Reached skill level 2 in Shields
  2866 | D:4      | Reached skill level 2 in Unarmed Combat
  2866 | D:4      | Reached skill level 2 in Spellcasting
  3381 | D:4      | Reached XP level 7. HP: 42/52 MP: 12/12
  4022 | D:3      | Reached skill level 2 in Conjurations
  4022 | D:3      | Reached skill level 2 in Hexes
  4022 | D:3      | Reached skill level 2 in Charms
  4022 | D:3      | Reached skill level 2 in Summonings
  4022 | D:3      | Reached skill level 2 in Necromancy
  4022 | D:3      | Reached skill level 2 in Translocations
  4022 | D:3      | Reached skill level 2 in Transmutations
  4022 | D:3      | Reached skill level 2 in Fire Magic
  4022 | D:3      | Reached skill level 2 in Ice Magic
  4022 | D:3      | Reached skill level 2 in Air Magic
  4022 | D:3      | Reached skill level 2 in Earth Magic
  4022 | D:3      | Reached skill level 2 in Poison Magic
  4022 | D:3      | Reached skill level 7 in Evocations
  4294 | D:5      | Entered Level 5 of the Dungeon
  4312 | D:5      | Found Jizufeg's Distillery.
  4321 | D:5      | Bought a potion of heal wounds for 60 gold pieces
  4323 | D:5      | Bought a potion of curing for 36 gold pieces
  4323 | D:5      | Bought a potion of heal wounds for 60 gold pieces
  4323 | D:5      | Bought a potion of curing for 36 gold pieces
  4508 | D:6      | Killed an ogre
  4526 | D:5      | Found an ancient bone altar of Kikubaaqudgha.
  4910 | D:5      | Reached skill level 3 in Invocations
  5081 | D:5      | Reached XP level 8. HP: 55/60 MP: 13/13
  5196 | D:6      | Reached skill level 4 in Fighting
  5196 | D:6      | Reached skill level 4 in Short Blades
  5251 | D:6      | Reached skill level 3 in Long Blades
  5251 | D:6      | Reached skill level 3 in Axes
  5251 | D:6      | Reached skill level 3 in Maces & Flails
  5251 | D:6      | Reached skill level 3 in Polearms
  5251 | D:6      | Reached skill level 3 in Staves
  5251 | D:6      | Reached skill level 3 in Slings
  5251 | D:6      | Reached skill level 3 in Bows
  5251 | D:6      | Reached skill level 3 in Crossbows
  5251 | D:6      | Reached skill level 3 in Throwing
  5251 | D:6      | Reached skill level 3 in Armour
  5251 | D:6      | Reached skill level 3 in Shields
  5251 | D:6      | Reached skill level 3 in Unarmed Combat
  5251 | D:6      | Reached skill level 3 in Spellcasting
  5292 | D:6      | Reached skill level 4 in Stealth
  5505 | D:7      | Noticed Xenophilius's ghost (novice CeBe)
  5760 | D:7      | Reached skill level 4 in Invocations
  5776 | D:7      | Slain by a hog

Vault maps used:
D:1:      lightli_arrival_boilingwater, serial_bayou, serial_bayou_pond_c,
          serial_bayou_pond_c, serial_bayou_pond_a, serial_bayou_pond_e
D:2:      nicolae_qazlal_eye_of_the_storm, first_ration
D:3:      dancing_weapons_uskayaw, minmay_goblin_outpost
D:5:      old_standard_altar, serial_shops, shop, minmay_splitting_lines
D:6:      fedhas_altar_4, serial_curves, eino_curves_02, eino_curves_03,
          minmay_ruffians
D:7:      temple_green, basic_altar, serial_glass, glass_columns_b,
          glass_columns_b, glass_columns_a, glass_columns_b, grunt_livestock,
          uniq_pikel

Skill      XL: |  1  2  3  4  5  6  7  8 |
---------------+-------------------------+-----
Invocations    | 1 2 3 4 |  4.0
Long Blades    | 1 2 3 |  3.6
Axes           | 1 2 3 |  3.6
Maces & Flails | 1 2 3 |  3.6
Polearms       | 1 2 3 |  3.6
Staves         | 1 2 3 |  3.6
Slings         | 1 2 3 |  3.6
Bows           | 1 2 3 |  3.6
Crossbows      | 1 2 3 |  3.6
Throwing       | 1 2 3 |  3.6
Armour         | 1 2 3 |  3.6
Shields        | 1 2 3 |  3.6
Unarmed Combat | 1 2 3 |  3.6
Spellcasting   | 1 2 3 |  3.6
Conjurations   | 1 2 |  2.9
Hexes          | 1 2 |  2.9
Charms         | 1 2 |  2.9
Summonings     | 1 2 |  2.9
Necromancy     | 1 2 |  2.9
Translocations | 1 2 |  2.9
Transmutations | 1 2 |  2.9
Fire Magic     | 1 2 |  2.9
Ice Magic      | 1 2 |  2.9
Air Magic      | 1 2 |  2.9
Earth Magic    | 1 2 |  2.9
Poison Magic   | 1 2 |  2.9
Fighting       | 3 4 |  4.5
Short Blades   | 3 4 |  4.5
Stealth        | 3 4 |  4.3
Dodging        | 5 |  5.9
Evocations     | 7 |  7.5

Action                   |  1- 3 |  4- 6 |  7- 9 || total
-------------------------+-------+-------+-------++-------
Melee: Short sword       |    73 |       |       ||    73
       Bite              |    12 |    18 |    44 ||    74
       Dagger            |    43 |   104 |    20 ||   167
       Whip              |    11 |    12 |     8 ||    31
       Falchion          |       |     7 |   194 ||   201
       Punch             |       |       |     6 ||     6
 Fire: Hunting sling     |     2 |    13 |    19 ||    34
 Abil: Evoke Flight      |       |       |     1 ||     1
Evoke: Wand              |     5 |     5 |    15 ||    25
  Use: Scroll            |     3 |       |     4 ||     7
       Potion            |     2 |       |     1 ||     3
 Stab: Sleeping          |     4 |     2 |     1 ||     7
  Eat: Chunk             |     3 |     5 |     7 ||    15
Armor: Leather armour    |    25 |     7 |    39 ||    71
Dodge: Dodged            |   124 |    73 |   213 ||   410
Block: Other             |     4 |    16 |    48 ||    68
       Reflection        |       |       |     1 ||     1
       Rpst.: Falchion   |       |       |    71 ||    71

Table legend:
 A = Spawn XP
 B = Non-spawn XP
 C = Spawn XP percentage of total XP
 D = Spawn monster count
 E = Non-spawn monster count
 F = Spawn count percentage of total count
 G = Total turns spent on level
                    A         B        C        D         E        F      G
               +---------+---------+-------+---------+---------+-------+---------
         Total |       0 |    2232 |   0.0 |       0 |     104 |   0.0 |  5776
               +---------+---------+-------+---------+---------+-------+---------
           D:1 |       0 |      29 |   0.0 |       0 |      18 |   0.0 |   720
           D:2 |       0 |      30 |   0.0 |       0 |      15 |   0.0 |  1047
           D:3 |       0 |     257 |   0.0 |       0 |      34 |   0.0 |  1226
           D:4 |       0 |     516 |   0.0 |       0 |      15 |   0.0 |  1301
           D:5 |       0 |     278 |   0.0 |       0 |       6 |   0.0 |   779
           D:6 |       0 |     505 |   0.0 |       0 |       9 |   0.0 |   239
           D:7 |       0 |     617 |   0.0 |       0 |       7 |   0.0 |   464
               +---------+---------+-------+---------+---------+-------+---------
